 Dungeon Crawl Stone Soup version 0.17-a0-1842-gacc33f2 (webtiles) character file.

145 Dargon the Ruffian (level 5, -1/45 HPs)
             Began as a Draconian Transmuter on Sept 17, 2015.
             Slain by a phantom (5 damage)
             ... on level 4 of the Dungeon.
             The game lasted 00:12:55 (3782 turns).

Dargon the Ruffian (Draconian Transmuter)           Turns: 3782, Time: 00:12:55

Health: -1/45      AC:  6    Str: 13    XL:     5   Next: 6%
Magic:  8/8        EV: 12    Int: 13    God:
Gold:   185        SH:  0    Dex: 12    Spells: 3 memorised, 0 levels left

rFire  . . .     SeeInvis .     p - +1 rapier
rCold  . . .     Clarity  .     (armour unavailable)
rNeg   . . .     SustAt   .     (no shield)
rPois  .         Gourm    +     (helmet restricted)
rElec  .         Spirit   .     (no cloak)
rCorr  .         Warding  .     a - +0 pair of gloves
rMut   .         Stasis   .     (no boots)
MR     +....                    r - amulet of the gourmand
Stlth  +.........               (no ring)
                                (no ring)

@: very slightly contaminated, somewhat resistant to hostile enchantments, very
unstealthy
A: unfitting armour, blink, magic resistance 1, cold-blooded, MP-powered wands,
AC +5
a: Blink


You were on level 4 of the Dungeon.
You were full.

You visited 1 branch of the dungeon, and saw 4 of its levels.

You collected 185 gold pieces.

Inventory:

Hand weapons
 p - a +1 rapier (weapon)
 q - a +0 blowgun
Missiles
 j - 20 stones (quivered)
 m - 7 javelins
 s - 6 poisoned needles
Armour
 a - a +0 pair of gloves (worn)
Jewellery
 r - an amulet of the gourmand (around neck)
Magical devices
 h - a wand of hasting (1)
Scrolls
 d - a scroll of amnesia {unknown}
 e - 3 scrolls of identify
 f - a scroll of enchant weapon
 i - a scroll of teleportation {unknown}
 k - 2 scrolls of fear {unknown}
 l - a scroll of recharging {unknown}
 n - a scroll of noise {unknown}
Potions
 g - 3 potions of curing
 o - a potion of lignification
 t - a potion of haste {unknown}
 v - a potion of poison {unknown}
Books
 b - a book of Changes

   Spells                             Type                      Level
   a - Beastly Appendage              Transmutation                1
   b - Sticks to Snakes               Transmutation                2
   c - Spider Form                    Transmutation/Poison         3
   d - Ice Form                       Ice/Transmutation            4
   e - Blade Hands                    Transmutation                5
Comestibles
 c - 3 bread rations
 u - 2 fruits


   Skills:
 + Level 3.1 Fighting
 - Level 0.2 Short Blades
 - Level 1.7 Dodging
 - Level 0.8 Stealth
 + Level 4.8 Unarmed Combat
 - Level 2.0 Spellcasting
 - Level 2.0 Transmutations


You couldn't memorise any spells.
You knew the following spells:

 Your Spells              Type           Power        Failure   Level  Hunger
a - Beastly Appendage     Trmt           #.....       12%         1    ##.....
b - Ice Form              Ice/Trmt       #.......     98%         4    #####..
c - Spider Form           Trmt/Pois      #.........   52%         3    ####...


Dungeon Overview and Level Annotations

Branches:
Dungeon (4/15)
 Temple: D:4-7

Altars:
Cheibriados
Dithmenos
Elyvilon
Ru
Sif Muna
Trog
The Shining One


Innate Abilities, Weirdness & Mutations

Your plain brown scales are hard (AC +5).
Your body does not fit into most forms of armour.
You are cold-blooded and may be slowed by cold attacks.
You can translocate small distances at will.
You are resistant to hostile enchantments.
You expend magic power (3 MP) to strengthen your wands.


Message History

You see here a club.
The phantom hits you.
* * * LOW HITPOINT WARNING * * *
The phantom blinks!
The phantom blinks!
The phantom hits you.
* * * LOW HITPOINT WARNING * * *
The phantom blinks!
The phantom barely misses you.
You barely miss the phantom.
Your tail-slap misses the phantom.
The phantom is almost destroyed.
The phantom misses you.
You miss the phantom.
The phantom is almost destroyed.
The phantom blinks!
You are too injured to fight recklessly!
The phantom blinks!
The phantom blinks!
The phantom hits you.
You die...

##...........##[........#
#......................##
##................###..##
#..####......)....###...##
...## ##.........###...#.#
....# ##........##...####
....# ##......##...##
....## ##.........##
.....### #.....@W...#
#....w.## ##...##.....#
.###....####..####.....# #
##....##..## #......#
###.....## ##...###
##...## #.## ##### ##


You could see a phantom.

Vanquished Creatures
  2 orc wizards (D:4)
  4 adders
  3 worms
  2 giant geckos
  2 orcs (D:4)
  6 bats
  2 giant cockroaches (D:3)
  10 hobgoblins
  7 kobolds
  2 ball pythons (D:3)
  A giant gecko skeleton (D:4)
  2 giant newts
  7 goblins
  2 jackals (D:4)
  2 quokkas
  5 rats
59 creatures vanquished.

Notes
Turn   | Place    | Note
--------------------------------------------------------------
     0 | D:1      | Dargon the Draconian Transmuter began the quest for the Orb.
     0 | D:1      | Reached XP level 1. HP: 16/16 MP: 3/3
    84 | D:1      | Reached XP level 2. HP: 10/23 MP: 5/5
  1102 | D:2      | Gained mutation: You can translocate small distances at will. [potion of mutation]
  1102 | D:2      | Gained mutation: You are resistant to hostile enchantments. [potion of mutation]
  1102 | D:2      | Gained mutation: You expend magic power (3 MP) to strengthen your wands. [potion of mutation]
  1104 | D:2      | HP: 1/23 [poisoned by an adder]
  1415 | D:2      | Found a faded altar to an unknown god.
  1433 | D:2      | Reached XP level 3. HP: 20/28 MP: 4/6
  1545 | D:2      | Found a glowing golden altar of the Shining One.
  1662 | D:2      | Reached skill level 4 in Unarmed Combat
  2188 | D:3      | Found a bloodstained altar of Trog.
  2190 | D:3      | Found a sacrificial altar of Ru.
  2455 | D:3      | Found a shadowy altar of Dithmenos.
  2455 | D:3      | Found a deep blue altar of Sif Muna.
  2468 | D:3      | Found a snail-covered altar of Cheibriados.
  2624 | D:3      | Reached XP level 4. HP: 28/36 MP: 7/7
  2625 | D:3      | Found a white marble altar of Elyvilon.
  2921 | D:4      | Noticed a phantom
  3123 | D:3      | Learned a level 4 spell: Ice Form
  3313 | D:4      | Reached XP level 5. HP: 35/45 MP: 4/8
  3664 | D:3      | Learned a level 3 spell: Spider Form
  3772 | D:4      | HP: 2/45 [phantom (5)]
  3782 | D:4      | Slain by a phantom

Vault maps used:
D:1:      wheals_arrival_shading
D:2:      kennysheep_six_static_rooms, ecumenical_altar_2,
          minmay_misc_feat_five, tso_metal_star
D:3:      lemuel_round_altar, nicolae_overflow_hidden_temple,
          minmay_crystal_water
D:4:      first_bread, serial_shops, shop, serial_bayou_crossing, uniq_eustachio

Action                   |  1- 3 |  4- 6 || total
-------------------------+-------+-------++-------
Melee: Unarmed           |    29 |    20 ||    49
       Dagger            |   128 |       ||   128
       Rapier            |    43 |    89 ||   132
 Cast: Beastly Appendage |     1 |       ||     1
       Spider Form       |       |     1 ||     1
Evoke: Wand              |       |     1 ||     1
  Use: Potion            |     4 |       ||     4
       Scroll            |     3 |       ||     3
 Stab: Sleeping          |     1 |     1 ||     2
  Eat: Chunk             |    10 |    10 ||    20
